 Dungeon Sprint DCSS version 0.31-a0-667-g39726597b9 (webtiles) character file.

Game seed: 1032915544566235242

613 sircluck the Fighter (level 7, -6/127 HPs)
             Began as a Troll Berserker on Sept 3, 2023.
             Was a Priest of Trog.
             Mangled by a centaur warrior (8 damage)
             ... in the Dungeon (Sprint I: "Red Sonja").
             The game lasted 00:01:13 (131 turns).

sircluck the Fighter (Troll Berserker)               Turns: 131, Time: 00:01:14

Health: -6/127     AC:  4    Str: 28    XL:     7   Next: 20%
Magic:  6/6        EV: 11    Int:  3    God:    Trog [***...]
Gold:   308        SH:  0    Dex:  9    Spells: 6/6 levels left

rFire   . . .        i - +0 giant spiked club
rCold   . . .        (shield currently unavailable)
rNeg    . . .        a - +0 animal skin
rPois   .            (helmet restricted)
rElec   .            (no cloak)
rCorr   .            (gloves unavailable)
SInv    .            (boots unavailable)
Will    .....        (no amulet) Stlth
                     (no ring)
HPRegen 1.21/turn    (no ring)
MPRegen 0.10/turn

%: no teleportation
@: berserking, very quick
A: large, unfitting armour, claws 3, regeneration 1, shaggy fur 1, tough skin 1
a: Renounce Religion, Berserk, Trog's Hand


You were in the Dungeon.
You worshipped Trog.
Trog was most pleased with you.
You visited 1 branch You collected 308 gold pieces.

Inventory:

Hand Weapons
 i - a +0 giant spiked club (weapon)
Armour
 a - a +0 animal skin (worn)
Wands
 j - a wand of flame (25)
Scrolls
 g - a scroll of blinking
 k - a scroll of enchant weapon {unknown}
Potions
 b - a potion of curing
 c - a potion of heal wounds
 d - a potion of haste
 e - 2 potions of magic
 f - a potion of berserk rage


   Skills:
 + Level 10.2 Fighting
 + Level 6.6 Maces & Flails
 + Level 6.6 Dodging
 - Level 3.0 Unarmed Combat


You had 6 spell levels left.
You didn't know any spells.
Your spell library was empty.

Dungeon Overview and Level Annotations

Branches:
Dungeon (1/1)

Altars:
Cheibriados
Dithmenos
Elyvilon
Fedhas
Gozag
Hepliaklqana
Kikubaaqudgha
Makhleb
Nemelex Xobeh
Okawaru
Qazlal
Ru
Sif Muna
Trog
Uskayaw
Vehumet
Wu Jian
Xom
Yredelemnul
Zin
The Shining One
Jiyva
Lugonu

Shops:
D (


Innate Abilities, Weirdness & Mutations

You are too large for most types of armour.
You have claws for hands.
Your natural rate of healing is unusually fast.
You are covered in fur. (AC +1)
You have tough skin. (AC +1)


Message History

Press: ? - help, Q - select action, (/) - cycle Shift-Dir - straight line The mass of ice explodes!
The iceblast engulfs the centaur warrior.
The centaur warrior is lightly wounded.
The centaur warrior shouts!
The now-empty wand crumbles to dust.
The centaur warrior moves out of view.
You close the door.
You start waiting.
The centaur warrior wields a +0 orcbow.
The centaur warrior shoots an arrow.
The arrow hits you!!
The centaur warrior unwields a +0 orcbow.
The centaur warrior hits you! The centaur warrior kicks you.
There is an open door, spattered with blood here.
You hit the centaur warrior but do no damage.
The centaur warrior is lightly wounded.
The centaur warrior hits you. The centaur warrior barely misses you.
The centaur warrior hits you! The centaur warrior closely misses you.
The centaur warrior barely misses you. The centaur warrior kicks you.
The centaur warrior barely misses you.
The centaur warrior kicks you but does no damage.
You puncture the centaur warrior!
The centaur warrior is moderately wounded.
The centaur warrior hits you!
The centaur warrior kicks you but does no damage.
The centaur warrior hits you.
The centaur warrior kicks you but does no damage.
The centaur warrior hits you!
* * * LOW HITPOINT WARNING * * *
The centaur warrior completely misses you.
The centaur warrior closely misses you. The centaur warrior kicks you.
* * * LOW HITPOINT WARNING * * *
The centaur warrior barely misses you. The centaur warrior kicks you.
* * * LOW HITPOINT WARNING * * *
A red film seems to cover your vision as you go berserk!
You feel yourself moving faster!
You feel mighty! The centaur warrior hits you!
* * * LOW HITPOINT WARNING * * *
The centaur warrior completely misses you.
The centaur warrior hits you!
You die...

###################
#<.#..†..#.)'..#__#
#..').#..'..#..'..+
#..#####'#####'#__# ##
#..####..#...#)####$!#
#..#__####..##§#c§§..#
#..#_____##'#§§@c§§..+
#⌠⌠#_.∩...'..§§#§§§§.#
####_..__##_.#'##+###
#_____###+#.# #######
###


You could see 2 centaur warriors.

Vanquished Creatures
  Sigmund (D)
  A slime creature (D)
  A yak (D)
  An ogre (D)
  A jelly (D)
  Ijyb (D)
6 creatures vanquished.

Notes
Turn   | Place    | Note
-------+----------+-------------------------------------------
     0 | D        | sircluck the Troll Berserker began the quest for the Orb.
     0 | D        | Reached XP level 1. HP: 22/22 MP: 0/0
     4 | D        | Noticed Ijyb
    10 | D        | Killed Ijyb
    11 | D        | Reached skill level 5 in Fighting
    11 | D        | Reached XP level 2. HP: 33/35 MP: 1/1
    15 | D        | Noticed an ogre
    18 | D        | Killed an ogre
    19 | D        | Reached skill level 8 in Fighting
    19 | D        | Reached XP level 3. HP: 48/48 MP: 2/2
    19 | D        | Reached XP level 4. HP: 57/57 MP: 3/3
    36 | D        | Noticed Sigmund
    40 | D        | Killed Sigmund
    40 | D        | Reached ** piety under Trog
    41 | D        | Reached skill level 9 in Fighting
    41 | D        | Reached XP level 5. HP: 59/67 MP: 4/4
    41 | D        | Reached XP level 6. HP: 67/75 MP: 5/5
    54 | D        | Found a burning altar of Makhleb.
    54 | D        | Found a viscous altar of Jiyva.
    54 | D        | Found a shimmering altar of Xom.
    54 | D        | Found a corrupted altar of Lugonu.
    54 | D        | Noticed a slime creature
    58 | D        | Killed a slime creature
    59 | D        | Reached skill level 5 in Maces & Flails
    59 | D        | Reached skill level 5 in Dodging
    61 | D        | Found an ornate altar of the Wu Jian Council.
    61 | D        | Found a shimmering blue altar of Sif Muna.
    63 | D        | Found a radiant altar of Vehumet.
    95 | D        | Found Piew's Weapon Emporium.
    95 | D        | Found an ancient bone altar of Kikubaaqudgha.
    95 | D        | Found a hazy altar of Hepliaklqana.
    95 | D        | Found a hide-covered altar of Uskayaw.
    95 | D        | Found a basalt altar of Yredelemnul.
    95 | D        | Found an opulent altar of Gozag.
    95 | D        | Found a snail-covered altar of Cheibriados.
    95 | D        | Found a sacrificial altar of Ru.
    95 | D        | Found a shadowy altar of Dithmenos.
    95 | D        | Noticed a yak
    96 | D        | Found a stormy altar of Qazlal.
    96 | D        | Found a blossoming altar of Fedhas.
    96 | D        | Found a bloodstained altar of Trog.
    96 | D        | Found an iron altar of Okawaru.
    96 | D        | Found a glowing golden altar of the Shining One.
    96 | D        | Found a glowing silver altar of Zin.
    96 | D        | Found a white marble altar of Elyvilon.
   100 | D        | Killed a yak
   100 | D        | Reached *** piety under Trog
   101 | D        | Reached skill level 10 in Fighting
   101 | D        | Reached XP level 7. HP: 74/85 MP: 6/6
   110 | D        | Found a sparkling altar of Nemelex Xobeh.
   123 | D        | Noticed a centaur warrior
   124 | D        | Noticed a centaur warrior
   131 | D        | HP: 2/127 [centaur warrior (8)]
   131 | D        | Mangled by a centaur warrior

Illustrated notes

Levels and vault maps discovered:
D:        dungeon_sprint_1 [red_sonja_temple_1, red_sonja_temple_small_1]

Skill      XL: |  1  2  3  4  5  6 |
---------------+-------------------+-----
Fighting       | 5 8 9 10 | 10.2
Maces & Flails | 4 6 |  6.6
Dodging        | 4 6 |  6.6
Unarmed Combat | |  3.0

Action                     |  1- 3 |  4- 6 |  7- 9 || total
---------------------------+-------+-------+-------++-------
  Melee: Unarmed           |     8 |       |       ||     8
         Giant spiked club |       |    12 |     2 ||    14
 Invoke: Berserk           |       |       |     1 ||     1
  Evoke: Wand              |     1 |     1 |     1 ||     3
 Armour: Animal skin       |     2 |    10 |    16 ||    28
  Dodge: Dodged            |     3 |     4 |     8 ||    15

Table legend: (Time is in decaauts)
 A = Elapsed time spent in this place.
 B = Non-inter-level travel time spent in this place.
 C = Inter-level travel time spent in this place.
 D = Time resting spent in this place.
 E = Time spent auto-exploring this place.
 F = Levels seen in this place.
 G = Mean time per level.
                   A        B        C        D        E       F      G
               +--------+--------+--------+--------+--------+-----+--------+
         Total |    138 |    138 |      0 |      2 |     22 |   1 |  138.0 |
       Dungeon |    138 |    138 |      0 |      2 |     22 |   1 |  138.0 |
               +--------+--------+--------+--------+--------+-----+--------+

Top non-repeatable levels by time:
       D: 138 daAuts
